 Dungeon Crawl Stone Soup version 0.19.0-24-gb05acd6 (webtiles) character file.

248 Television the Chopper (level 6, 0/57 HPs)
             Began as a Hill Orc Berserker on Nov 20, 2016.
             Was a Believer of Trog.
             Slain by Blork the orc
             ... wielding a +0 trident
              (6 damage)
             ... on level 4 of the Dungeon.
             The game lasted 00:04:53 (2255 turns).

Television the Chopper (Hill Orc Berserker)         Turns: 2255, Time: 00:04:53

Health: 0/57       AC: 10    Str: 22    XL:     6   Next: 12%
Magic:  6/6        EV: 11    Int:  7    God:    Trog [**....]
Gold:   252        SH:  0    Dex:  7    Spells: 0 memorised, 5 levels left

rFire  . . .     SeeInvis .     x - +0 war axe
rCold  + . .     Gourm    +     n - +0 ring mail
rNeg   . . .     Faith    .     (no shield)
rPois  .         Spirit   .     (no helmet)
rElec  .         Reflect  .     y - +0 cloak
rCorr  .         Harm     .     t - +2 pair of gloves
MR     .....                    h - +0 pair of boots
Stlth  ..........               i - amulet of the gourmand
                                o - ring of protection from cold
                                m - -3 ring of dexterity (curse)

@: exhausted, slowed, very slow
A: no striking features
a: Berserk, Trog's Hand, Burn Spellbooks, Renounce Religion


You were on level 4 of the Dungeon.
You worshipped Trog.
Trog was pleased with you.
You were very full.

You visited 1 branch of the dungeon, and saw 4 of its levels.

You collected 252 gold pieces.

Inventory:

Hand Weapons
 a - a +1 hand axe
 x - a +0 war axe (weapon)
Armour
 h - a +0 pair of boots (worn)
 n - a +0 ring mail (worn)
 t - a +2 pair of gloves (worn)
 y - a +0 cloak (worn)
Jewellery
 i - an amulet of the gourmand (around neck)
 m - a cursed -3 ring of dexterity (left hand)
 o - a ring of protection from cold (right hand)
 u - an uncursed ring of protection from magic {unknown}
Scrolls
 b - a scroll of immolation {unknown}
 d - a scroll of identify
 f - a scroll of magic mapping {unknown}
 p - 2 scrolls of remove curse {unknown}
 r - a scroll of teleportation {unknown}
 s - a scroll of enchant weapon
 v - a scroll of recharging {unknown}
Potions
 e - a potion of invisibility {unknown}
 g - 2 potions of magic {unknown}
 k - a potion of brilliance {unknown}
 l - a potion of cure mutation {unknown}
 q - a potion of berserk rage
 w - a potion of degeneration {unknown}
 z - a potion of curing {unknown}
Comestibles
 c - 6 bread rations
 j - 2 meat rations


   Skills:
 + Level 6.1 Fighting
 + Level 6.8 Axes
 - Level 2.1 Armour
 - Level 1.5 Dodging


You had 5 spell levels left.
You didn't know any spells.

Dungeon Overview and Level Annotations

Branches:
Dungeon (4/15)
 Temple: D:4-7

Altars:
Ashenzari
Dithmenos
Gozag
Makhleb

Annotations:
D:4 Blork the orc


Message History

* * * LOW HITPOINT WARNING * * *
Blork the orc hits you but does no damage.
Blork the orc points at you and mumbles some strange words.
The magic dart hits you!
* * * LOW HITPOINT WARNING * * *
You barely miss Blork the orc.
Blork the orc is almost dead.
Blork the orc misses you. Blork the orc hits you with a trident!
* * * LOW HITPOINT WARNING * * *
You closely miss Blork the orc.
Blork the orc is almost dead.
Blork the orc looks braver for a moment.
Blork the orc gestures at you while chanting.
The puff of flame hits you!
* * * LOW HITPOINT WARNING * * *
Blork the orc mumbles some strange words.
Blork the orc flickers and vanishes!
Deactivating autopickup; reactivate with Ctrl-A.
You closely miss something. Something hits you.
You die...

########
###.......
#....# #..@.#
#....
#..{.########
#....
#...........#
#....
#....###....#
#.... #....#
#....# #)...
#....# #....#
#.... #....#
####.####....
######
#.........
######....


There were no monsters in sight!

Vanquished Creatures
  Crazy Yiuf (D:3)
  Natasha (twice) (D:2)
  An orc wizard (D:3)
  3 adders (D:3)
  4 gnolls (D:3)
  3 oozes
  An adder skeleton (D:4)
  2 leopard geckos
  4 orcs (D:3)
  6 bats
  4 giant cockroaches
  8 hobgoblins
  4 jackals (D:3)
  2 quokkas (D:3)
  3 frilled lizards
  13 kobolds
  3 rats
64 creatures vanquished.

Notes
Turn   | Place    | Note
-------+----------+-------------------------------------------
     0 | D:1      | Television the Hill Orc Berserker began the quest for the Orb.
     0 | D:1      | Reached XP level 1. HP: 19/19 MP: 1/1
    51 | D:1      | Reached XP level 2. HP: 8/27 MP: 2/2
    60 | D:1      | Found a shattered altar of Ashenzari.
   435 | D:2      | Found an opulent altar of Gozag.
   462 | D:2      | Found a shadowy altar of Dithmenos.
   513 | D:2      | Noticed Natasha
   524 | D:2      | Noticed a crimson imp
   526 | D:2      | Killed Natasha
   526 | D:2      | Reached XP level 3. HP: 13/34 MP: 3/3
   637 | D:2      | Noticed Natasha
   722 | D:2      | Reached skill level 5 in Axes
   965 | D:2      | Found a burning altar of Makhleb.
   965 | D:2      | Noticed a cacodemon
  1057 | D:2      | Killed Natasha
  1057 | D:2      | Reached skill level 5 in Fighting
  1057 | D:2      | Reached XP level 4. HP: 34/42 MP: 4/4
  1199 | D:3      | Reached ** piety under Trog
  1276 | D:3      | Reached XP level 5. HP: 48/48 MP: 5/5
  1758 | D:3      | Found a runed door.
  1762 | D:3      | Noticed Crazy Yiuf
  1770 | D:3      | Killed Crazy Yiuf
  2135 | D:3      | Reached XP level 6. HP: 55/57 MP: 6/6
  2235 | D:4      | Noticed Blork the orc
  2255 | D:4      | Slain by Blork the orc

Skill      XL: |  1  2  3  4  5 |
---------------+----------------+-----
Fighting       | 4 5 6 |  6.1
Axes           | 5 6 |  6.8
Armour         | |  2.1
Dodging        | |  1.5

Action                   |  1- 3 |  4- 6 || total
-------------------------+-------+-------++-------
Melee: Hand axe          |    91 |    99 ||   190
       War axe           |       |    40 ||    40
Invok: Berserk           |     1 |     4 ||     5
  Use: Scroll            |       |     2 ||     2
  Eat: Chunk             |     9 |     7 ||    16
Armor: Animal skin       |    12 |       ||    12
       Ring mail         |    16 |    63 ||    79
Dodge: Dodged            |    49 |    95 ||   144
